 Dungeon Crawl Stone Soup version 0.26.1-2-gb8aa6d0cf2 (webtiles) character file.

Game seed: 15847716802979844684

793 McKennaii the Destroyer (level 7, -3/36 HPs)
             Began as a Deep Elf Conjurer on Feb 13, 2021.
             Shot with an arrow by a centaur (9 damage)
             ... on level 5 of the Dungeon.
             The game lasted 00:05:09 (5660 turns).

McKennaii the Destroyer (Deep Elf Conjurer)         Turns: 5660, Time: 00:05:10

Health: -3/36      AC:  3    Str:  4    XL:     7   Next: 57%
Magic:  18/20      EV: 13    Int: 25    God:
Gold:   263        SH:  0    Dex: 13    Spells: 20/21 levels left

rFire    . . .     SeeInvis .   (no weapon)
rCold    . . .     Faith    .   (no shield)
rNeg     . . .     Spirit   .   a - +0 robe
rPois    .         Reflect  .   (no helmet)
rElec    .         Harm     .   (no cloak)
rCorr    .         Rampage  .   (no gloves)
Will     .....                  q - +0 pair of boots
Stlth    ++........             (no amulet)
HPRegen  0.12/turn              (no ring)
MPRegen  0.17/turn              (no ring)

@: no status effects
A: no striking features
a: no special abilities


You were on level 5 of the Dungeon.
You visited 1 branch of the dungeon, and saw 5 of its levels.

You collected 263 gold pieces.

Inventory:

Armour
 a - a +0 robe (worn)
 q - a +0 pair of boots (worn)
Jewellery
 n - a +6 ring of strength {unknown}
Wands
 p - a wand of polymorph (1)
 u - a wand of paralysis (6)
Scrolls
 g - a scroll of enchant armour {unknown}
 h - 6 scrolls of identify {unknown}
 j - a scroll of fog {unknown}
 k - 2 scrolls of fear {unknown}
 m - 2 scrolls of magic mapping {unknown}
 o - a scroll of random uselessness {unknown}
 r - a scroll of immolation {unknown}
 s - a scroll of amnesia {unknown}
Potions
 b - 3 potions of lignification {unknown}
 d - 3 potions of curing {unknown}
 e - a potion of degeneration {unknown}
 f - 2 potions of magic {unknown}
 i - 2 potions of attraction {unknown}
 l - a potion of haste {unknown}
 t - a potion of brilliance {unknown}


   Skills:
 + Level 3.2 Dodging
 + Level 3.0 Stealth
 * Level 7.8 Spellcasting
 * Level 8.0 Conjurations


You had 20 spell levels left.
You knew the following spells:

 Your Spells              Type           Power        Failure   Level
a - Magic Dart            Conj           100%         1%          1

Your spell library contained the following spells:

 Spells                   Type           Power        Failure   Level
 Searing Ray              Conj           98%          1%          2
 Dazzling Flash           Conj/Hex       58%          3%          3
 Fulminant Prism          Conj/Hex       14%          12%         4
 Iskenderun's Mystic Bla  Conj/Tloc      29%          12%         4


Dungeon Overview and Level Annotations

Branches:
Dungeon (5/15)
 Temple: D:4-7

Altars:
Dithmenos
Okawaru

Annotations:
D:5 Dowan, Duvessa


Message History

You start resting.
A centaur comes into view.
Casting: Magic Dart (safe; 1% risk of failure)
Confirm with . or Enter, or press ? or * to list all spells.
Aiming: Magic Dart (safe; 1% risk of failure)
Press: ? - help, Shift-Dir - straight line, f - centaur
Aim: a centaur, quivering 15 arrows (wandering, hasn't noticed you, 0% to evade)
The magic dart hits the centaur but does no damage.
The centaur wields a +0 shortbow.
The centaur shoots an arrow.
The arrow hits you!
* * * LOW HITPOINT WARNING * * *
Casting: Magic Dart (safe; 1% risk of failure)
Confirm with . or Enter, or press ? or * to list all spells.
Aiming: Magic Dart (safe; 1% risk of failure)
Press: ? - help, Shift-Dir - straight line, f/p - centaur
Aim: a centaur, wielding a +0 shortbow and quivering 14 arrows (0% to evade)
The magic dart hits the centaur.
The centaur is moderately wounded.
The centaur shoots an arrow.
The arrow hits you!
You die...

#...... ##.#.
#.##### ..
...
...........#
#.#####.#+###
##########.#
#..#........#
#.##
#..#........#
#...
#..#.c....$.#
####
#..#........#
#..........@#
#(#.###+#+###
#.## #..#
##.# ...
....# .?...#
.......


You could see a centaur.

Vanquished Creatures
  Sigmund (D:4)
  A phantom (D:4)
  An ogre (D:4)
  2 orc priests
  3 orc wizards
  2 worker ants
  A killer bee zombie (D:5)
  Robin (D:2)
  9 gnolls
  2 adders (D:3)
  A shadow imp (D:5)
  An ooze (D:2)
  A worm (D:5)
  4 leopard geckos
  23 orcs
  4 bats (D:1)
  5 giant cockroaches
  13 goblins
  9 hobgoblins
  8 jackals
  7 kobolds
  2 quokkas (D:4)
  5 frilled lizards
  A jackal skeleton (D:4)
  A quokka zombie (D:5)
  12 rats
120 creatures vanquished.

Notes
Turn   | Place    | Note
-------+----------+-------------------------------------------
     0 | D:1      | McKennaii the Deep Elf Conjurer began the quest for the
                  | Orb.
     0 | D:1      | Reached XP level 1. HP: 10/10 MP: 6/6
   174 | D:1      | Reached XP level 2. HP: 15/15 MP: 6/8
   427 | D:1      | Reached skill level 5 in Conjurations
   896 | D:2      | Found a shadowy altar of Dithmenos.
   933 | D:2      | Reached XP level 3. HP: 19/19 MP: 2/9
  1232 | D:2      | Noticed Robin
  1238 | D:2      | Killed Robin
  1443 | D:2      | Found a faded altar of an unknown god.
  1717 | D:3      | Reached XP level 4. HP: 24/24 MP: 7/12
  1900 | D:3      | Reached skill level 6 in Conjurations
  2326 | D:3      | Reached XP level 5. HP: 21/28 MP: 7/13
  2666 | D:3      | Found a shadowy altar of Dithmenos.
  3475 | D:4      | Noticed an ogre
  3484 | D:4      | Killed an ogre
  3485 | D:4      | Reached skill level 5 in Spellcasting
  3485 | D:4      | Reached XP level 6. HP: 19/32 MP: 6/16
  3679 | D:4      | Reached skill level 7 in Conjurations
  3756 | D:4      | Noticed Sigmund
  3804 | D:4      | Killed Sigmund
  3805 | D:4      | Reached XP level 7. HP: 19/36 MP: 5/19
  5304 | D:4      | Found an iron altar of Okawaru.
  5322 | D:5      | Entered Level 5 of the Dungeon
  5354 | D:5      | Reached skill level 8 in Conjurations
  5580 | D:5      | Noticed Duvessa
  5580 | D:5      | Noticed Dowan
  5660 | D:5      | Shot with an arrow by a centaur

Illustrated notes

Levels and vault maps discovered:
D:1:      psy_arrival_whirlpool, layout_basic, minmay_small_reverse_x
D:2:      layout_basic, overflow_temple_1_default,
          chequers_ecumenical_altar_simple_redux, uniq_robin
D:3:      layout_loops_corners, chequers_serial_rivers_micro_a,
          nicolae_dithmenos_through_a_glass_darkly
D:4:      layout_loops_ring, okawaru_altar_gauntlet_db, uniq_sigmund
D:5:      layout_basic, uniq_duvessa

Skill      XL: |  1  2  3  4  5  6  7 |
---------------+----------------------+-----
Conjurations   | 5 6 7 8 |  8.0
Spellcasting   | 4 5 7 |  7.8
Dodging        | 3 |  3.2
Stealth        | 3 |  3.0

Action                   |  1- 3 |  4- 6 |  7- 9 || total
-------------------------+-------+-------+-------++-------
Melee: Unarmed           |       |     4 |       ||     4
 Cast: Magic Dart        |    80 |   130 |   127 ||   337
  Use: Scroll            |       |       |     3 ||     3
Armor: Robe              |     2 |     4 |     6 ||    12
Dodge: Dodged            |     6 |    25 |    27 ||    58
